 Dungeon Crawl Stone Soup version 0.27-a0-488-g88baaf19db (webtiles) character file.

Game seed: 16831922641840598644

1003 Dirtsage the Grappler (level 8, 36/56 HPs)
             Began as a Demonspawn Gladiator on Mar 1, 2021.
             Quit the game on level 5 of the Dungeon.
             The game lasted 00:05:50 (4317 turns).

Dirtsage the Grappler (Demonspawn Gladiator)        Turns: 4317, Time: 00:05:51

Health: 36/56      AC: 13    Str: 18    XL:     8   Next: 0%
Magic:  8/8        EV: 12    Int:  9    God:
Gold:   123        SH:  0    Dex: 14    Spells: 7/7 levels left

rFire    . . .     SeeInvis .     - Unarmed
rCold    . . .     Faith    .   (no shield)
rNeg     . . .     Spirit   .   a - +0 leather armour
rPois    .         Reflect  .   b - +0 helmet
rElec    .         Harm     .   (no cloak)
rCorr    .         Rampage  .   (no gloves)
Will     .....                  (no boots)
Stlth    +.........             g - amulet of regeneration
HPRegen  1.18/turn              (no ring)
MPRegen  0.11/turn              (no ring)

@: mildly poisoned (36 -> 36), sanguine armoured
A: talons 1, demonic guardian 1, sanguine armour 2, demonic magic 3
a: no special abilities


You were on level 5 of the Dungeon.
You visited 2 branches of the dungeon, and saw 6 of its levels.

You collected 123 gold pieces.


Innate Abilities, Weirdness & Mutations

You have sharp toenails.
A weak demonic guardian rushes to your aid.
When seriously injured, your bleeding wounds create thick armour. (AC +9)
Spells you cast and wands you use may paralyse nearby enemies.


   Skills:
 - Level 2.0 Fighting
 - Level 1.7 Throwing
 - Level 2.6 Dodging
 + Level 9.0 Unarmed Combat


You had 7 spell levels left.
You didn't know any spells.
Your spell library was empty.

Inventory:

Missiles
 c - 3 throwing nets (quivered) {=f}
Armour
 a - a +0 leather armour (worn)
 b - a +0 helmet (worn)
 e - a +1 hat
 q - a +2 leather armour of poison resistance
Jewellery
 g - an amulet of regeneration (around neck)
Wands
 p - a wand of mindburst (18)
Scrolls
 d - 6 scrolls of teleportation {unknown}
 h - a scroll of magic mapping {unknown}
 m - 4 scrolls of amnesia {unknown}
 o - 5 scrolls of identify {unknown}
Potions
 f - 4 potions of heal wounds {unknown}
 i - a potion of invisibility {unknown}
 j - a potion of haste {unknown}
 k - 3 potions of curing {@q1}
 l - a potion of might {unknown}
 n - a potion of lignification {unknown}
 r - a potion of brilliance {unknown}

Dungeon Overview and Level Annotations

Branches:
Dungeon (5/15)             Temple (1/1) D:5

Altars:
Ashenzari
Dithmenos
Gozag
Hepliaklqana
Kikubaaqudgha
Nemelex Xobeh
Qazlal
Ru
Sif Muna
Trog
Uskayaw
Vehumet
Wu Jian
Xom
Yredelemnul
Zin
The Shining One

##.# #..##
###...#####...
#............#
#.####.####..#
###.##.....##
#...#.......#
#####...#.......#..#
##...........@.......
###.....#..#.......#...
#.#.....#..#.......#...
##......##..##.....##
.. #.......).).####.###
#.......##.........
#.......###†........
###......##.........
#..##......##...


There were no monsters in sight!


Message History

The scorpion stings you!
You are poisoned.
The scorpion poisons you!
You barely miss the scorpion. Your kick misses the scorpion.
The scorpion is severely wounded.
You feel sick.
You completely miss the scorpion. Your kick misses the scorpion.
The scorpion is severely wounded.
You feel sick. The scorpion stings you.
You closely miss the scorpion.
You claw the scorpion, but do no damage.
The scorpion is severely wounded.
You feel sick. The scorpion stings you.
Your blood congeals into armour.
You are more poisoned.
The scorpion poisons you!
You hit the scorpion.
The scorpion is almost dead.
You feel sick.
The scorpion stings you but does no damage.
You hit the scorpion. You claw the scorpion.
The scorpion is almost dead.
You feel sick. The scorpion barely misses you.
You punch the scorpion!
You kill the scorpion!
You feel sick.
Your Unarmed Combat skill increases to level 9!
You have reached level 8!
You feel stronger.
Your demonic ancestry asserts itself...
Your wands become infused with your menacing aura.
Are you sure you want to abandon this character and quit the game? (Confirm with "yes".)

Skill      XL: |  1  2  3  4  5  6  7 |
---------------+----------------------+-----
Unarmed Combat | 3 4 5 6 7 9 |  9.0
Fighting       | |  2.0
Throwing       | |  1.7
Dodging        | |  2.6

Action                   |  1- 3 |  4- 6 |  7- 9 || total
-------------------------+-------+-------+-------++-------
Melee: Unarmed           |   212 |   166 |    75 ||   453
       Punch             |     4 |     2 |       ||     6
       Kick              |       |    25 |    26 ||    51
 Stab: Sleeping          |     1 |       |     2 ||     3
       Distracted        |       |     1 |       ||     1
Armor: Leather armour    |    60 |    19 |    11 ||    90
Dodge: Dodged            |   133 |    74 |    38 ||   245

Levels and vault maps discovered:
D:1:      dpeg_arrival_short_road, layout_basic
D:2:      layout_basic, serial_forest, infiniplex_forest_lined_room_2,
          infiniplex_forest_lined_room_2, infiniplex_forest_clump_double,
          infiniplex_forest_end_3, infiniplex_forest_clump_tiny,
          infiniplex_forest_clump_diagonal, infiniplex_forest_lined_4_way
D:3:      layout_loops_ring, nrook_loot_triangle
D:4:      layout_loops_cross, grunt_ministairs_3, uniq_robin
D:5:      layout_cave_pools, old_standard_altar, temple_doors_e,
          elyvilon_altar_5
Temple:   eino_temple_rhombus

Notes
Turn   | Place    | Note
-------+----------+-------------------------------------------
     0 | D:1      | Dirtsage the Demonspawn Gladiator began the quest for the
                  | Orb.
     0 | D:1      | Reached XP level 1. HP: 16/16 MP: 1/1
    46 | D:1      | Reached skill level 3 in Unarmed Combat
   137 | D:1      | Gained mutation: Spells you cast may paralyse adjacent
                  | enemies. [demonic ancestry]
   137 | D:1      | Reached XP level 2. HP: 17/22 MP: 2/2
   473 | D:1      | You fall into a shaft and drop 1 floor!
   751 | D:1      | Gained mutation: A weak demonic guardian rushes to your
                  | aid. [demonic ancestry]
   751 | D:1      | Reached XP level 3. HP: 25/27 MP: 3/3
  1009 | D:2      | HP: 2/27 [worm (10)]
  1013 | D:2      | Reached skill level 4 in Unarmed Combat
  2294 | D:3      | Gained mutation: Spells you cast may paralyse nearby
                  | enemies. [demonic ancestry]
  2294 | D:3      | Reached XP level 4. HP: 28/33 MP: 4/4
  2494 | D:3      | Reached skill level 5 in Unarmed Combat
  2833 | D:3      | Gained mutation: When seriously injured, your bleeding
                  | wounds create armour. (AC +9) [demonic ancestry]
  2833 | D:3      | Reached XP level 5. HP: 35/38 MP: 5/5
  3386 | D:4      | Noticed an ogre
  3396 | D:4      | Killed an ogre
  3397 | D:4      | Reached skill level 6 in Unarmed Combat
  3397 | D:4      | Gained mutation: You have sharp toenails. [demonic
                  | ancestry]
  3397 | D:4      | Reached XP level 6. HP: 27/44 MP: 6/6
  3487 | D:4      | Noticed Robin
  3501 | D:4      | Killed Robin
  3667 | D:4      | Reached skill level 7 in Unarmed Combat
  3853 | D:5      | Entered Level 5 of the Dungeon
  3857 | D:5      | Gained mutation: When seriously injured, your bleeding
                  | wounds create thick armour. (AC +9) [demonic ancestry]
  3857 | D:5      | Reached XP level 7. HP: 46/50 MP: 7/7
  3938 | D:5      | Reached skill level 8 in Unarmed Combat
  3960 | D:5      | Found a staircase to the Ecumenical Temple.
  3993 | Temple   | Entered the Ecumenical Temple
  4289 | D:5      | Found a sacrificial altar of Ru.
  4317 | D:5      | Reached skill level 9 in Unarmed Combat
  4317 | D:5      | Gained mutation: Spells you cast and wands you use may
                  | paralyse nearby enemies. [demonic ancestry]
  4317 | D:5      | Reached XP level 8. HP: 36/56 MP: 8/8
  4317 | D:5      | Quit the game

Vanquished Creatures
  2 ogres (D:4)
  A phantom (D:5)
  2 scorpions
  5 wights (D:5)
  A centaur zombie (D:3)
  2 bullfrog zombies (D:5)
  A jelly (D:5)
  An orc priest (D:3)
  An orc wizard (D:4)
  An iguana (D:4)
  A worker ant (D:5)
  2 hound skeletons (D:4)
  Robin (D:4)
  4 adders
  A shadow imp (D:4)
  A white imp (D:5)
  An ooze (D:3)
  2 dart slugs (D:1)
  A leopard gecko (D:4)
  7 orcs
  7 bats
  4 giant cockroaches
  12 goblins
  8 hobgoblins
  8 jackals
  6 kobolds
  5 quokkas
  A ball python (D:1)
  A ball python skeleton (D:4)
  5 frilled lizards
  A jackal skeleton (D:4)
  2 quokka skeletons
  A quokka zombie (D:5)
  5 rats
104 creatures vanquished.

Vanquished Creatures (collateral kills)
  A worker ant (D:5)
  3 worms
  A jackal (D:5)
  A jackal zombie (D:5)
6 creatures vanquished.

Vanquished Creatures (others)
  3 plants (D:2)
3 creatures vanquished.

Grand Total: 113 creatures vanquished

Table legend: (Time is in decaauts)
 A = Elapsed time spent in this place.
 B = Non-inter-level travel time spent in this place.
 C = Inter-level travel time spent in this place.
 D = Time resting spent in this place.
 E = Time spent auto-exploring this place.
 F = Levels seen in this place.
 G = Mean time per level.
                   A        B        C        D        E       F      G
               +--------+--------+--------+--------+--------+-----+--------+
         Total |   4275 |   4182 |     93 |      0 |   3505 |   6 |  712.5 |
       Dungeon |   4043 |   3970 |     73 |      0 |   3295 |   5 |  808.6 |
        Temple |    231 |    211 |     20 |      0 |    210 |   1 |  231.0 |
               +--------+--------+--------+--------+--------+-----+--------+

Top non-repeatable levels by time:
     D:2: 1251 daAuts
     D:3: 983 daAuts
     D:1: 918 daAuts
     D:4: 669 daAuts
  Temple: 231 daAuts
     D:5: 221 daAuts

Table legend:
 A = Non-vault XP
 B = Vault XP
 C = Vault XP percentage of total XP
 D = Non-vault monster count
 E = Vault monster count
 F = Vault count percentage of total count
                 A         B        C        D         E       F
            +---------+---------+-------+---------+---------+-------
      Total |    1405 |      28 |   2.0 |     102 |       8 |   7.3
            +---------+---------+-------+---------+---------+-------
        D:1 |      44 |       0 |   0.0 |      25 |       0 |   0.0
        D:2 |      42 |       0 |   0.0 |      17 |       0 |   0.0
        D:3 |     146 |       0 |   0.0 |      20 |       0 |   0.0
        D:4 |     468 |      28 |   5.6 |      18 |       8 |  30.8
        D:5 |     705 |       0 |   0.0 |      22 |       0 |   0.0
            +---------+---------+-------+---------+---------+-------
